Map: Dusty Gorge

Players

IntoTheHackR - Winner!

  • Race: Terran Terran
  • Spawn Location: 9:00

IIIIIIIIIIII - Winner!

  • Race: Zerg Zerg
  • Spawn Location: 11:00

DEADPOOL

  • Race: Zerg Zerg
  • League: Diamond
  • Spawn Location: 5:00

JAMPIER

  • Race: Zerg Zerg
  • League: Gold
  • Spawn Location: 3:00

VOD

Have the link to the VOD?

Description

Time

  • Played on: May 24, 2018, 11:59 a.m.
  • Length: 5:29
Show
View Real Time Build Order
Export as new Build Order

IntoTheHackR Terran - Winner!

Build Orders:  

Get SALT Encoding   

  12  0:01  SCV  
  13  0:14  SCV  
  14  0:18  Supply Depot  
  14  0:26  SCV  
  15  0:29  Refinery  
  15  0:40  SCV  
  16  0:46  Barracks  
  16  0:52  SCV  
  17  1:04  SCV  
  18  1:10  Barracks  
  18  1:16  SCV  
  19  1:23  Barracks  
  19  1:35  Reaper  
  20  1:44  Orbital Command  
  20  1:52  Supply Depot  
  20  1:57  Reaper  
  20  2:00  Refinery  
  21  2:07  Reaper  
  22  2:11  SCV  
  22  2:14  Reaper  
  24  2:21  Supply Depot  
  24  2:25  SCV  
  26  2:30  Reaper  
  26  2:41  Reaper  
  27  2:49  Reaper  
  28  3:02  Reaper  
  28  3:03  Command Center  
  28  3:04  SCV  
  30  3:15  Reaper  
  30  3:16  SCV  
  30  3:18  Supply Depot  
  32  3:26  Reaper  
  33  3:39  Reaper  
  34  3:47  Reaper  
  35  3:49  SCV  
  35  3:51  Barracks  
  35  3:53  Barracks  
  36  4:01  Reaper, SCV  
  37  4:23  Reaper  
  37  4:24  Reaper  
  38  4:29  Orbital Command  
  38  4:34  Reaper  
  39  4:44  Reaper  
  40  4:52  Reaper  
  41  4:54  SCV x2  
  41  4:55  Reaper  
  45  5:06  SCV x2  
  48  5:10  Refinery  
  48  5:11  Refinery  
Show
View Real Time Build Order
Export as new Build Order

IIIIIIIIIIII Zerg - Winner!

Build Orders: Pool First 

Get SALT Encoding   

  12  0:01  Drone  
  13  0:08  Drone  
  14  0:28  Drone, Extractor x2  
  13  0:29  Drone, Overlord  
  16  0:48  Drone  
  17  0:51  Spawning Pool  
  17  0:53  Drone  
  17  1:01  Drone, Extractor x2  
  16  1:12  Drone  
  17  1:28  Drone  
  18  1:36  Overlord  
  18  1:37  Queen  
  20  1:47  Zergling x2  
  20  1:48  Metabolic Boost  
  21  1:55  Zergling x2  
  22  2:06  Zergling x2  
  23  2:10  Spore Crawler  
  22  2:23  Zergling x2  
  22  2:25  Lair  
  23  2:57  Zergling x6  
  23  2:58  Zergling x4  
  28  3:02  Overlord  
  28  3:23  Nydus Network  
  28  3:26  Drone  
  28  3:27  Drone  
  29  3:32  Zergling x6  
  32  3:46  Zergling x2  
  33  4:06  Nydus Canal  
  33  4:09  Zergling x4  
  36  4:10  Zergling x4  
  36  4:13  Overlord  
  37  4:41  Drone x2  
  39  4:54  Hatchery  
  36  5:15  Drone x5  
  36  5:16  Drone  
Show
View Real Time Build Order
Export as new Build Order

DEADPOOL Zerg 

Build Orders: Hatch First 

Get SALT Encoding   

  12  0:05  Drone  
  13  0:14  Drone  
  13  0:18  Extractor  
  13  0:19  Drone, Extractor  
  13  0:23  Drone  
  16  0:28  Overlord  
  16  0:48  Drone  
  17  0:58  Drone  
  18  1:05  Drone  
  18  1:10  Hatchery  
  18  1:19  Spawning Pool  
  18  1:23  Drone  
  18  1:25  Extractor  
  17  1:47  Drone, Hatchery  
  17  2:04  Drone x2  
  19  2:09  Queen  
  21  2:20  Baneling Nest  
  20  2:23  Drone  
  20  2:29  Queen  
  23  2:34  Zergling x2  
  24  2:42  Drone  
  26  2:44  Zergling x2  
  26  2:54  Metabolic Boost  
  26  2:55  Zergling x4  
  28  3:03  Drone  
  28  3:04  Drone x2  
  31  3:21  Zergling x6  
  33  3:55  Overlord, Zergling x2  
  33  4:06  Queen  
  30  4:15  Zergling x2  
  30  4:16  Zergling x10  
  30  4:21  Zergling x2  
  21  4:25  Zergling x8  
Show
View Real Time Build Order
Export as new Build Order

JAMPIER Zerg 

Build Orders: Hatch First 

Get SALT Encoding   

  12  0:02  Drone  
  13  0:10  Drone  
  14  0:38  Hatchery  
  14  0:42  Drone  
  14  0:47  Overlord  
  14  0:57  Extractor  
  14  0:58  Drone  
  14  1:07  Drone  
  14  1:08  Drone  
  16  1:16  Drone  
  17  1:23  Spawning Pool  
  16  1:28  Drone  
  17  1:37  Drone  
  18  1:48  Drone  
  18  1:51  Drone  
  20  1:59  Drone  
  21  2:02  Drone  
  22  2:10  Lair  
  22  2:13  Queen, Zergling x2  
  25  2:19  Drone  
  25  2:22  Zergling x2  
  27  2:25  Zergling x2  
  27  2:43  Drone  
  28  2:45  Overlord  
  27  3:02  Zergling x2  
  27  3:05  Spine Crawler  
  26  3:07  Drone  
  26  3:08  Drone, Spine Crawler, Zergling x2  
  24  3:17  Zergling x4  
  20  3:28  Metabolic Boost  
  12  3:38  Drone x2  
  10  3:49  Drone x2  
  13  3:55  Zergling x2  
  13  4:02  Zergling x2  
  14  4:11  Zergling x2  
  15  4:18  Zergling x4  
  17  4:32  Zergling x2  
  17  4:33  Drone  
  17  4:35  Drone  
  19  4:39  Drone  
  15  5:01  Drone x2  
  15  5:02  Drone x2  
  15  5:05  Drone  
  20  5:08  Drone  
Tags
 
Add a new tag
Caveats
  • Supply blocks, unpowered buildings, or Contaminate may cause inaccurate times.
  • Supply counts are checked every 10 seconds.